 Dungeon Crawl Stone Soup version 0.26-a0-651-gb41185065b (webtiles) character file.

Game seed: 3414416451024198606

63 Lanoc the Ducker (level 3, -4/31 HPs)
             Began as a Minotaur Venom Mage on Oct 14, 2020.
             Killed from afar by an orc wizard (11 damage)
             ... with a puff of flame
             ... on level 3 of the Dungeon.
             The game lasted 00:02:30 (1463 turns).

Lanoc the Ducker (Minotaur Venom Mage)              Turns: 1463, Time: 00:02:31

Health: -4/31      AC:  2    Str: 12    XL:     3   Next: 89%
Magic:  0/4        EV: 13    Int: 12    God:
Gold:   85         SH:  0    Dex: 11    Spells: 3/4 levels left

rFire    . . .     SeeInvis .   i - +1 dagger (drain)
rCold    . . .     Faith    .   (no shield)
rNeg     . . .     Spirit   .   a - +0 robe
rPois    +         Reflect  .   (helmet restricted)
rElec    .         Harm     .   (no cloak)
rCorr    .         Rampage  .   (no gloves)
MR       .....                  (no boots)
Stlth    ++........             (no amulet)
HPRegen  0.10/turn              e - ring of poison resistance
MPRegen  0.09/turn              (no ring)

@: flying, very slightly contaminated
A: retaliatory headbutt, horns 2
a: no special abilities


You were on level 3 of the Dungeon.
You visited 1 branch of the dungeon, and saw 3 of its levels.

You collected 85 gold pieces.

Inventory:

Hand Weapons
 i - a +1 dagger of draining (weapon)
Missiles
 h - 8 curare-tipped darts (quivered)
Armour
 a - a +0 robe (worn)
Jewellery
 e - a ring of poison resistance (left hand)
Scrolls
 c - a scroll of amnesia {unknown}
 d - a scroll of enchant armour {unknown}
 f - 2 scrolls of remove curse {unknown}
 g - 3 scrolls of identify {unknown}
 k - a scroll of blinking {unknown}
 l - a scroll of fog {unknown}


   Skills:
 + Level 3.0 Fighting
 + Level 3.6 Dodging
 - Level 1.5 Stealth
 - Level 1.3 Spellcasting
 - Level 0.7 Transmutations
 - Level 2.1 Poison Magic


You had 3 spell levels left.
You knew the following spells:

 Your Spells              Type           Power        Failure   Level
a - Sting                 Tmut/Pois      #...         16%         1

Your spell library contained the following spells:

 Spells                   Type           Power        Failure   Level
 Poisonous Vapours        Pois/Air       #.....       28%         2
 Ignite Poison            Fire/Tmut/Pois #.......     52%         3
 Mephitic Cloud           Conj/Pois/Air  #.......     54%         3
 Olgreb's Toxic Radiance  Pois           #.......     75%         4


Dungeon Overview and Level Annotations

Branches:
Dungeon (3/15)

Altars:
Yredelemnul


Innate Abilities, Weirdness & Mutations

You reflexively headbutt those who attack you in melee.
You have a pair of horns on your head.


Message History

The weapon returns to the orc!
Casting: Sting (safe; 16% risk of failure)
Confirm with . or Enter, or press ? or * to list all spells.
Aiming: Sting (safe; 16% risk of failure)
Press: ? - help, Shift-Dir - straight line, f - orc
Aim: an orc, wielding a +0 club and wearing a +0 leather armour You miscast Sting.
You are very lightly contaminated with residual magic.
Nothing appears to happen.
The orc throws a boomerang.
The boomerang hits you but does no damage.
The weapon returns to the orc!
Casting: Sting (safe; 16% risk of failure)
Confirm with . or Enter, or press ? or * to list all spells.
You don't have enough magic to cast that spell.
Unknown command.
You miss something. Something hits you but does no damage.
You hear some strange, mumbled words.
A puff of flame appears from out of thin air!
The puff of flame hits you!
You die...

#####[# #.........##.# ###..# #
......# #......>..##.###...# #
####### #........###......## # ##
#####..............## # .####
##.#####.........# ....##### #..#
#.........##### ..#.....####.###
#...)........).
#..####........####...o.....####.
##.#######..##..@{o.........# #.
#.........#########..[....## ##
##...†....# #.........#
##..)....# #.........# #.......#
#<........# #.......# #.........#
#.......# #.........# #.......#
##.......## #..<....# ##.....##


You could see 2 orcs.

Vanquished Creatures
  2 adders (D:3)
  A worm (D:3)
  2 dart slugs (D:3)
  A leopard gecko (D:2)
  4 orcs (D:3)
  3 giant cockroaches (D:3)
  4 goblins
  4 hobgoblins
  4 kobolds
  A ball python (D:3)
  2 bats
  3 frilled lizards
  2 rats
33 creatures vanquished.

Notes
Turn   | Place    | Note
-------+----------+-------------------------------------------
     0 | D:1      | Lanoc the Minotaur Venom Mage began the quest for the Orb.
     0 | D:1      | Reached XP level 1. HP: 14/14 MP: 1/1
   197 | D:1      | Reached skill level 1 in Fighting
   351 | D:2      | Reached XP level 2. HP: 23/23 MP: 0/3
   538 | D:3      | Reached XP level 3. HP: 19/29 MP: 1/4
   660 | D:3      | Found a basalt altar of Yredelemnul.
  1463 | D:3      | Killed from afar by an orc wizard

Illustrated notes

Levels and vault maps discovered:
D:1:      saegor_arrival_simple_e, layout_loops_cross,
          minmay_misc_feat_four_crosses
D:2:      layout_basic, chequers_ecumenical_altar_island, nrook_loot_triangle,
          uniq_natasha
D:3:      layout_rooms, overflow_temple_1_default

Skill      XL: |  1  2  3 |
---------------+----------+-----
Fighting       | 1 2 3 |  3.0
Dodging        | 3 |  3.6
Stealth        | |  1.5
Spellcasting   | |  1.3
Transmutations | |  0.7
Poison Magic   | |  2.1

Action                   || total
-------------------------++-------
Melee: Unarmed           ||    15
       Dagger            ||    47
       Headbutt          ||     8
 Cast: Sting             ||    28
  Use: Potion            ||     2
Armor: Robe              ||    20
Dodge: Dodged            ||    53

Table legend: (Time is in decaauts)
 A = Elapsed time spent in this place.
 B = Non-inter-level travel time spent in this place.
 C = Inter-level travel time spent in this place.
 D = Time resting spent in this place.
 E = Time spent auto-exploring this place.
 F = Levels seen in this place.
 G = Mean time per level.
                   A        B        C        D        E       F      G
               +--------+--------+--------+--------+--------+-----+--------+
         Total |   1461 |   1451 |     10 |      0 |   1189 |   3 |  487.0 |
       Dungeon |   1461 |   1451 |     10 |      0 |   1189 |   3 |  487.0 |
               +--------+--------+--------+--------+--------+-----+--------+

Top non-repeatable levels by time:
     D:3: 1103 daAuts
     D:1: 247 daAuts
     D:2: 110 daAuts
